 Dungeon Crawl Stone Soup version 0.14.0-24-gfb45beb (webtiles) character file.

204 Chiseanne the Skirmisher (level 4, -4/37 HPs)
             Began as a Mummy Wanderer on Apr 24, 2014.
             Slain by a giant frog (5 damage)
             ... on Level 1 of the Dungeon.
             The game lasted 00:08:37 (6796 turns).

Chiseanne the Skirmisher (Mummy Wanderer)           Turns: 6796, Time: 00:08:37

HP  -4/37        AC  9     Str 14      XL: 4   Next: 36%
MP   4/4         EV  5     Int 13      God:
Gold 111         SH  0     Dex 11      Spells:  0 memorised,  3 levels left

rFire  . . .     SeeInvis .     a - +2,+1 hand axe
rCold  . . .     Clarity  .     c - +1 chain mail
rNeg   + + +     Conserve .     (no shield)
rPois  +         rCorr    .     (no helmet)
rElec  .         rRot     +     (no cloak)
SustAb . .       Spirit   .     (no gloves)
rMut   .         Warding  .     (no boots)
Saprov . . .     Stasis   .     (no amulet)
MR     .....                    (no ring)
                                b - ring of fire

@: not resistant to hostile enchantments, extremely unstealthy
A: no food or potions, fire vulnerability, restore body, cold resistance 1, life
protection 3, poison resistance, torment resistance, unbreathing
a: no special abilities


You were on level 1 of the Dungeon.
You were not hungry.

You visited 1 branch of the dungeon, and saw 2 of its levels.

You collected 111 gold pieces.

Inventory:

Hand weapons
 a - a +2,+1 hand axe (weapon)
Missiles
 d - 29 darts (quivered)
Armour
 c - a +1 chain mail (worn)
Magical devices
 g - a wand of teleportation (2)
Scrolls
 e - a scroll of blinking
 f - a scroll of amnesia
Jewellery
 b - a ring of fire (left hand)
 h - an uncursed amulet of stasis


   Skills:
 * Level 3.8 Fighting
 * Level 2.2 Axes
   Level 1.5 Bows
 * Level 1.9 Armour
 * Level 1.2 Dodging
   Level 1.0 Invocations
 - Level 1.0 Evocations


You had 3 spell levels left.
You didn't know any spells.

Dungeon Overview and Level Annotations

Branches:
Dungeon (2/15)

Altars:
Fedhas


Innate Abilities, Weirdness & Mutations

You do not eat or drink.
Your flesh is vulnerable to fire.
Your flesh is cold resistant.
You are immune to negative energy.
Your system is resistant to poisons.
You are immune to unholy pain and torment.
You can survive without breathing.


Message History

The giant frog is severely wounded.
The giant frog hits you.
* * * LOW HITPOINT WARNING * * *
The giant frog hits you but does no damage.
You hit the giant frog but do no damage.
The giant frog is severely wounded.
The giant frog hits you.
* * * LOW HITPOINT WARNING * * *
The giant frog hits you.
* * * LOW HITPOINT WARNING * * *
You hit the giant frog.
The giant frog is severely wounded.
The giant frog hits you.
* * * LOW HITPOINT WARNING * * *
You hit the giant frog.
The giant frog is almost dead.
The giant frog hits you.
* * * LOW HITPOINT WARNING * * *
The giant frog hits you.
You die...

##..##...# #.........#.......
##..##...#######...#...%.........
%........##......).#############.
#####...........).## ####.### ##
# ##.#.##.....)!# ###..!...## # #
###.#######[.###.#.......### #
#.# #..##...........## #####.#
###=.#....[≈≈≈.....# #..(..#
#.F@......≈...≈..... #.#####
#)#......(≈.<.≈..... #.#######
#.##..)...≈...≈..... #.......#
#.####.....≈≈≈.....# ####..#.##.#
#.#####...........##
...[.....#%###....###.........##
#####.............# ###......##
#....#.####.### ##....## #......#
#.###### ######


You could see a giant frog.

Vanquished Creatures
  Terence (D:2)
  3 adders
  4 giant geckos
  7 hobgoblins
  7 bats
  2 giant cockroaches (D:1)
  4 giant newts
  6 goblins
  10 kobolds
  9 rats
53 creatures vanquished.

Notes
Turn   | Place    | Note
--------------------------------------------------------------
     0 | D:1      | Chiseanne, the Mummy Wanderer, began the quest for the Orb.
     0 | D:1      | Reached XP level 1. HP: 18/18 MP: 1/1
   318 | D:1      | Reached XP level 2. HP: 24/24 MP: 2/2
   813 | D:2      | Reached XP level 3. HP: 21/29 MP: 3/3
  5084 | D:1      | Reached skill level 1 in Dodging
  5995 | D:1      | Noticed a giant frog
  6122 | D:2      | Found a blossoming altar of Fedhas.
  6132 | D:2      | Noticed Terence
  6163 | D:2      | Killed Terence
  6163 | D:2      | Reached XP level 4. HP: 24/37 MP: 4/4
  6796 | D:1      | HP: 1/37 [giant frog (2)]
  6796 | D:1      | Slain by a giant frog

Action                   |  1- 3 |  4- 6 || total
-------------------------+-------+-------++-------
Melee: Hand axe          |   169 |    48 ||   217
Throw: Dart              |     2 |       ||     2
Evoke: Wand              |       |     1 ||     1
  Use: Scroll            |     7 |     2 ||     9
